 Dungeon Crawl Stone Soup version 0.22-a0-782-g038298e (webtiles) character file.

12677 iamserjio the Frost Mage (level 11, 0/75 HPs)
             Began as an Octopode Ice Elementalist on July 19, 2018.
             Was a High Priest of Vehumet.
             Killed by divine providence
             ... invoked by an orc priest
              (13 damage)
             ... on level 1 of the Orcish Mines.
             The game lasted 01:22:03 (24657 turns).

iamserjio the Frost Mage (OpIE)                    Turns: 24657, Time: 01:22:04

Health: 0/75       AC:  1    Str:  8    XL:     11   Next: 97%
Magic:  8/21       EV: 16    Int: 21    God:    Vehumet [*****.]
Gold:   1249       SH:  6    Dex: 12    Spells: 2/27 levels left

rFire    . . .     SeeInvis .   z - +5 dagger (freeze)
rCold    + . .     Gourm    .   H - +2 buckler
rNeg     . . .     Faith    .   (helmet restricted)
rPois    +         Spirit   .   (no amulet)
rElec    .         Reflect  .   m - ring of resist corrosion
rCorr    +         Harm     .   o - ring of poison resistance
MR       .....                  x - ring of wizardry
Stlth    +++.......             (no ring)
HPRegen  0.22/turn              (no ring)
MPRegen  0.17/turn              (no ring)
                                (no ring)
                                (no ring)

@: heavily drained
A: almost no armour, stealthy swim, amphibious, 8 rings, constrict 8, camouflage
1, cold resistance 1, low mp 1, gelatinous body 1
a: Renounce Religion


You were on level 1 of the Orcish Mines.
You worshipped Vehumet.
Vehumet was extremely pleased with you.
You were hungry.

You visited 3 branches of the dungeon, and saw 14 of its levels.
You also visited: Bailey.

You collected 1249 gold pieces.

Inventory:

Hand Weapons
 q - a +1 whip of freezing
 v - a +3 dagger of protection
 z - a +5 dagger of freezing (weapon)
 D - the +7 bardiche of the Morning {speed, +Fly rC+ Str+3}
   (You found it on level 6 of the Dungeon)

   Attacks with this weapon are significantly faster.
   It affects your strength (+3).
   It protects you from cold.
   It lets you fly.
 E - a +1 dagger of venom
 R - the +10 hand axe "Gedghiro" {chop, Dex+7 Stlth+, unknown}
   (You found it on level 12 of the Dungeon)

   It inflicts extra damage upon your enemies.
   It affects your dexterity (+7).
   It makes you more stealthy.
Missiles
 c - 383 stones (quivered)
 k - 239 arrows
 w - a throwing net {!f}
Armour
 H - a +2 buckler (worn)
Magical Staves
 r - an uncursed staff of power
Jewellery
 m - a ring of resist corrosion (left tentacle)
 o - a ring of poison resistance (right tentacle)
 x - a ring of wizardry (on tentacle)
 O - the ring "Zaugum" {Ice rPois rN++ Dex-5 SInv}
   (You found it on level 10 of the Dungeon)

   [ring of ice]

   It enhances your ice magic.
   It affects your dexterity (-5).
   It makes you vulnerable to fire.
   It protects you from cold.
   It protects you from poison.
   It greatly protects you from negative energy.
   It lets you see invisible.
 S - an uncursed amulet of rage
Wands
 f - a wand of random effects (50)
 h - a wand of disintegration (3)
 n - a wand of paralysis (12)
 p - a wand of scattershot (3)
 I - a wand of flame (54)
 P - a wand of enslavement (12)
Scrolls
 a - 3 scrolls of immolation
 e - a scroll of summoning
 i - 2 scrolls of teleportation
 j - 2 scrolls of fog
 l - 4 scrolls of remove curse {@r2}
 s - a scroll of enchant armour
 u - a scroll of enchant weapon
 y - 5 scrolls of blinking {unknown}
 B - a scroll of vulnerability {unknown}
 C - a scroll of magic mapping {unknown}
 F - a scroll of amnesia {unknown}
 L - a scroll of holy word {unknown}
 N - a scroll of noise {unknown}
Potions
 d - a potion of flight
 g - a potion of brilliance
 t - a potion of agility {unknown}
 G - a potion of haste {unknown}
 J - a potion of invisibility {unknown}
 M - 2 potions of mutation
Miscellaneous
 A - a phantom mirror
 K - a box of beasts
Comestibles
 b - 20 rations


   Skills:
 - Level 7.0(5.0) Fighting
 + Level 8.8(6.7) Dodging
 - Level 2.6(0.9) Stealth
 - Level 4.0(2.2) Shields
 + Level 8.7(6.6) Spellcasting
 * Level 3.4(1.6) Conjurations
 - Level 5.0(3.1) Summonings
 - Level 9.7(7.5) Ice Magic
 + Level 0.0 Air Magic
 + Level 3.3(1.6) Evocations


You had 2 spell levels left.
You knew the following spells:

 Your Spells              Type           Power        Failure   Level  Hunger
a - Freeze                Ice            ####         1%          1    None
b - Throw Frost           Conj/Ice       ####..       1%          2    None
c - Ozocubu's Armour      Chrm/Ice       ###.....     2%          3    #......
d - Summon Ice Beast      Ice/Summ       ####....     4%          4    ###....
e - Sticks to Snakes      Tmut           #.......     7%          2    None
f - Mephitic Cloud        Conj/Pois/Air  #.......     3%          3    #......
g - Throw Icicle          Conj/Ice       ####....     2%          4    ###....
h - Freezing Cloud        Conj/Ice/Air   ###.......   41%         6    ######.

Your spell library contained the following spells:

 Spells                   Type           Power        Failure   Level  Hunger
 Magic Dart               Conj           ##..         1%          1    None
 Fireball                 Conj/Fire      ##........   22%         5    #####..
 Bolt of Fire             Conj/Fire      ##........   69%         6    ######.
 Bolt of Magma            Conj/Fire/Erth #.........   24%         5    #####..
 Ring of Flames           Chrm/Fire      #.........   100%        7    #######
 Venom Bolt               Conj/Pois      ##........   22%         5    #####..
 Iskenderun's Mystic Bla  Conj           ##......     7%          4    ###....
 Iron Shot                Conj/Erth      ##........   69%         6    ######.
 Spider Form              Tmut/Pois      #.........   14%         3    #......
 Blade Hands              Tmut           #.........   75%         5    #####..
 Ice Form                 Ice/Tmut       ###.....     10%         4    ###....
 Ignite Poison            Fire/Tmut/Pois #.......     4%          3    #......
 Orb of Destruction       Conj           ##........   97%         7    #######
 Beastly Appendage        Tmut           #.....       4%          1    None
 Iskenderun's Battlesphe  Conj/Chrm      ##......     22%         5    #####..
 Fulminant Prism          Conj/Hex       ##........   10%         4    ###....
 Dazzling Spray           Conj/Hex       ##....       3%          3    #......
 Force Lance              Conj/Tloc      ##......     10%         4    ###....
 Searing Ray              Conj           ##....       1%          2    None
 Spellforged Servitor     Conj/Summ      ###.......   94%         7    #######
 Ignition                 Fire           #.........   100%        8    #######


Dungeon Overview and Level Annotations

Branches:
Dungeon (12/15)            Temple (1/1) D:5            Lair (0/6) D:11
    Orc (1/2) D:10

Altars:
Ashenzari
Cheibriados
Dithmenos
Elyvilon
Fedhas
Gozag
Hepliaklqana
Kikubaaqudgha
Makhleb
Nemelex Xobeh
Okawaru
Qazlal
Ru
Sif Muna
Trog
Uskayaw
Vehumet
Wu Jian
Xom
Yredelemnul
Zin
The Shining One

Annotations:
D:12 Nergalle


Innate Abilities, Weirdness & Mutations

You cannot wear most types of armour.
You are very stealthy in the water. (Stealth+)
You are amphibious.
You can wear up to eight rings at the same time.
You can use your tentacles to constrict eight enemies at once.
Your skin changes colour to match your surroundings (Stealth+).
Your rubbery body absorbs attacks. (AC +1, EV +1)
Your flesh is cold resistant. (rC+)
Your magical capacity is low. (-10% MP)


Message History

Press: ? - help, Shift-Dir - straight line, f/p - orc knight
Aim: an orc knight, wielding a battleaxe of electrocution and wearing a plate armour (moderately wounded, chance to defeat MR: 32%)
The orc knight suddenly stops moving!
The orc priest calls upon Beogh to heal something.
Wield which item (- for none, * to show all)? (? for menu, Esc to quit)
You feel your magic capacity decrease.
Your +5 dagger of freezing glows with a cold blue light!
z - a +5 dagger of freezing (weapon)
The orc priest looks satisfied for a moment.
The orc priest mumbles some strange prayers to Beogh against you.
Beogh smites you!
The orc priest calls down the wrath of Beogh upon you.
Beogh smites you!
The orc priest casts a cantrip, but nothing happens.
The orc priest invokes the aid of Beogh against you.
Beogh smites you!
* * * LOW HITPOINT WARNING * * *
The orc priest calls down the wrath of Beogh upon you.
Beogh smites you!
You die...

#....#.#....#..><.....#...###
#............(.[......#..#.##.
###.#........................
#####.#................#.##
####......#.......#...#
#.....##........#.## .## ##
##..###........##
...##.###..##...#......#
.......#..oo@.........##
...#.....oo##..........#
#.......oT######..###.##
.........##..###...####
........##....###.##
.............# ###
........o..### . ......§o....#
... .#.#.>.Y...#......


You could see an orc knight (paralysed), a troll, an orc warrior and 3 orc
priests.

Vanquished Creatures
  An unseen horror (D:10)
  Pikel (D:4)
  A cyclops (D:10)
  A troll (Orc:1)
  A shadow (D:10)
  A wyvern (D:9)
  A yak (D:10)
  2 wargs (D:11)
  Edmund (D:5)
  A water moccasin (D:10)
  2 orc warriors (D:11)
  A sky beast (D:5)
  A slave (D:4)
  4 ogres
  A black bear (D:9)
  A phantom (D:10)
  5 centaurs
  5 big kobolds
  4 bullfrogs
  A water moccasin zombie (D:6)
  3 scorpions
  8 killer bees
  3 wights
  A howler monkey (D:4)
  3 crimson imps
  6 orc priests
  7 hounds
  2 bullfrog skeletons
  2 centaur skeletons
  Jessica (D:3)
  6 iguanas
  Ijyb (D:4)
  10 orc wizards
  5 worker ants
  A hound skeleton (D:7)
  A worker ant zombie (D:5)
  15 adders
  2 oozes
  3 worms
  3 dart slugs
  8 leopard geckos
  36 orcs
  7 bats
  3 giant cockroaches
  4 hobgoblins
  15 jackals
  4 quokkas
  A ball python skeleton (D:4)
  5 frilled lizards
  3 goblins
  A jackal skeleton (D:6)
  14 kobolds
  A leopard gecko skeleton (D:7)
  A quokka skeleton (D:5)
  11 rats
  3 fungi (D:5)
236 creatures vanquished.

Vanquished Creatures (collateral kills)
  A hydra (D:10)
  6 two-headed ogres
  A cyclops (Orc:1)
  An ugly thing (D:10)
  Joseph (D:7)
  A gargoyle (D:11)
  4 trolls
  A hornet (D:10)
  3 hippogriffs
  Sigmund (D:3)
  A wyvern (D:10)
  2 wraiths
  A hungry ghost (D:10)
  Menkaure (D:5)
  An ice beast (D:10)
  8 orc warriors
  A sky beast (D:11)
  2 eyes of draining
  A necrophage (D:12)
  An ogre (D:11)
  A black bear (D:7)
  2 crocodiles (D:9)
  Blork the orc (D:6)
  2 bullfrogs (D:10)
  A gnoll sergeant (D:7)
  2 scorpions
  2 wyvern skeletons
  10 killer bees
  13 wights
  2 howler monkeys
  A crimson imp (D:12)
  3 centaur zombies
  A hound (D:7)
  An orc priest (Orc:1)
  3 orc wizards
  4 iguanas
  2 worker ants
  5 gnolls (D:7)
  2 adders
  2 shadow imps
  A leopard gecko (D:7)
  16 orcs
  A giant cockroach (D:6)
  A jackal skeleton (D:9)
118 creatures vanquished.

Vanquished Creatures (others)
  3 slaves (D:4)
  A plant (D:11)
4 creatures vanquished.

Grand Total: 358 creatures vanquished

Notes
Turn   | Place    | Note
-------+----------+-------------------------------------------
     0 | D:1      | iamserjio the Octopode Ice Elementalist began the quest for the Orb.
     0 | D:1      | Reached XP level 1. HP: 11/11 MP: 3/3
   548 | D:1      | Reached XP level 2. HP: 14/17 MP: 3/5
  1202 | D:1      | Learned a level 2 spell: Throw Frost
  1209 | D:2      | Found a hazy altar of Hepliaklqana.
  1420 | D:2      | Reached XP level 3. HP: 21/21 MP: 4/6
  1707 | D:2      | Found a snail-covered altar of Cheibriados.
  1879 | D:2      | Reached skill level 4 in Ice Magic
  1879 | D:2      | Reached XP level 4. HP: 21/27 MP: 7/7
  1893 | D:2      | Found an ancient bone altar of Kikubaaqudgha.
  2284 | D:2      | Found a stormy altar of Qazlal.
  2764 | D:3      | Noticed Sigmund
  2870 | D:4      | Reached XP level 5. HP: 13/31 MP: 4/9
  3597 | D:3      | Noticed Ijyb
  3929 | D:3      | Reached skill level 5 in Ice Magic
  4085 | D:3      | Noticed Jessica
  4093 | D:3      | Killed Jessica
  4093 | D:3      | Reached XP level 6. HP: 34/36 MP: 3/10
  4223 | D:4      | Noticed a slave
  4223 | D:4      | Noticed a slave
  4224 | D:4      | Noticed Pikel
  4224 | D:4      | Noticed a slave
  4225 | D:4      | Noticed a slave
  4256 | D:4      | Killed a slave
  4262 | D:4      | Killed Pikel
  4262 | D:4      | Reached skill level 6 in Ice Magic
  4262 | D:4      | Reached XP level 7. HP: 38/41 MP: 1/12
  4395 | D:4      | Learned a level 3 spell: Ozocubu's Armour
  4400 | D:4      | Learned a level 4 spell: Summon Ice Beast
  4575 | D:4      | Paralysed by Ijyb for 7 turns
  5400 | D:3      | Killed Sigmund
  5400 | D:3      | Reached skill level 1 in Summonings
  5514 | D:4      | Paralysed by Ijyb for 4 turns
  5785 | D:4      | Killed Ijyb
  5869 | D:5      | Entered Level 5 of the Dungeon
  6485 | D:5      | Noticed Edmund
  6633 | D:5      | Reached XP level 8. HP: 46/47 MP: 10/14
  6665 | D:5      | Reached skill level 1 in Fighting
  7079 | D:5      | Killed Edmund
  7079 | D:5      | Reached skill level 5 in Spellcasting
  8059 | D:5      | Noticed Menkaure
  8081 | D:5      | Killed Menkaure
  8081 | D:5      | Reached skill level 5 in Dodging
  8215 | D:5      | Gained mutation: Your magical capacity is low. (-10% MP) [potion of mutation]
  8215 | D:5      | Gained mutation: Your flesh is cold resistant. (rC+) [potion of mutation]
  8385 | D:5      | Found a staircase to the Ecumenical Temple.
  8400 | Temple   | Entered the Ecumenical Temple
  8430 | Temple   | Became a worshipper of Vehumet
  9140 | D:6      | Reached XP level 9. HP: 32/55 MP: 5/15
  9395 | D:6      | Reached skill level 7 in Ice Magic
 10116 | D:6      | Found a shadowy altar of Dithmenos.
 10432 | D:6      | Reached * piety under Vehumet
 10432 | D:6      | Offered knowledge of Flame Tongue by Vehumet.
 10912 | D:6      | Noticed Blork the orc
 10921 | D:6      | Killed Blork the orc
 11236 | D:6      | Got a brightly glowing bardiche
 11269 | D:6      | Identified the +7 bardiche of the Morning {speed, +Fly rC+ Str+3} (You found it on level 6 of the Dungeon)
 11539 | D:7      | Learned a level 2 spell: Sticks to Snakes
 12304 | D:7      | Noticed Joseph
 12325 | D:7      | Killed Joseph
 13183 | D:8      | Noticed a two-headed ogre
 13796 | D:8      | Offered knowledge of Throw Flame by Vehumet.
 14027 | D:8      | Reached skill level 5 in Summonings
 14031 | D:8      | Noticed a two-headed ogre
 14033 | D:8      | Reached ** piety under Vehumet
 14033 | D:8      | Reached XP level 10. HP: 41/64 MP: 6/17
 14049 | D:7      | Reached skill level 8 in Ice Magic
 14604 | D:8      | Killed a two-headed ogre
 14697 | D:8      | Found a glowing silver altar of Zin.
 14815 | D:8      | Killed a two-headed ogre
 14815 | D:8      | Reached skill level 5 in Fighting
 15283 | D:9      | Noticed a two-headed ogre
 15304 | D:9      | Killed a two-headed ogre
 15304 | D:9      | Reached skill level 1 in Shields
 15859 | D:9      | Noticed a two-headed ogre
 15940 | D:9      | Killed a two-headed ogre
 16203 | D:9      | Found an iron altar of Okawaru.
 16203 | D:9      | Found a basalt altar of Yredelemnul.
 16680 | D:9      | Offered knowledge of Conjure Flame by Vehumet.
 16913 | D:9      | Found a deep blue altar of Sif Muna.
 17183 | D:9      | Found an ornate altar of the Wu Jian Council.
 17252 | D:10     | Entered Level 10 of the Dungeon
 17414 | D:10     | Found a large runed door.
 17460 | D:10     | Found a flagged portal.
 17474 | Bailey   | Entered a bailey
 17546 | Bailey   | Reached *** piety under Vehumet
 18070 | D:10     | Found a large runed door.
 18070 | D:10     | Found a large runed door.
 18280 | D:10     | Found a staircase to the Orcish Mines.
 18301 | D:10     | Found a large runed door.
 18305 | D:10     | Reached XP level 11. HP: 63/72 MP: 20/20
 18376 | D:10     | Offered knowledge of Mephitic Cloud by Vehumet.
 18383 | D:10     | Learned a level 3 spell: Mephitic Cloud
 18414 | D:10     | Noticed an eight-headed hydra
 18435 | D:10     | Killed an eight-headed hydra
 18935 | D:10     | Killed an unseen horror
 18935 | D:10     | Reached skill level 9 in Ice Magic
 19485 | D:10     | Noticed a cyclops
 19485 | D:10     | Noticed a white ugly thing
 20123 | D:10     | Reached **** piety under Vehumet
 20123 | D:10     | Reached skill level 1 in Evocations
 20129 | D:10     | Killed a white ugly thing
 20415 | D:10     | Killed a cyclops
 20730 | D:10     | Noticed a two-headed ogre
 20740 | D:10     | Killed a two-headed ogre
 20752 | D:10     | Got a fine bone ring
 20851 | D:10     | Identified the ring "Zaugum" {Ice rPois rN++ Dex-5 SInv} (You found it on level 10 of the Dungeon)
 21029 | D:11     | Learned a level 4 spell: Throw Icicle
 21073 | D:11     | Offered knowledge of Airstrike by Vehumet.
 21359 | D:11     | HP: 2/75 [orc wizard/wand of flame (24) (13)]
 22653 | D:11     | Found a staircase to the Lair.
 22679 | D:11     | Noticed a two-headed ogre
 22692 | D:11     | Killed a two-headed ogre
 23588 | D:12     | Got an ancient hand axe
 23609 | D:12     | Noticed Nergalle
 24008 | D:12     | Reached ***** piety under Vehumet
 24366 | Orc:1    | Entered Level 1 of the Orcish Mines
 24366 | Orc:1    | Noticed a cyclops
 24372 | Orc:1    | Offered knowledge of Freezing Cloud by Vehumet.
 24381 | Orc:1    | Killed a cyclops
 24563 | Orc:1    | Learned a level 6 spell: Freezing Cloud
 24624 | Orc:1    | Noticed an orc knight
 24657 | Orc:1    | Killed from afar by an orc priest

Vault maps used:
D:1:      minmay_arrival_glassed_features, serial_bayou_lagoon_a,
          minmay_misc_feat_ornament
D:2:      nicolae_qazlal_general_emergency, kiku_gazebo_pond_becter,
          nicolae_overflow_crystal_walls, cheibriados_altar_1
D:3:      first_ration, uniq_ijyb, uniq_sigmund, uniq_jessica
D:4:      uniq_pikel
D:5:      temple_hall, water_boxes_lemuel, uniq_edmund, uniq_menkaure
D:6:      grunt_decor_fettered, minmay_misc_feat_alley,
          nicolae_dithmenos_shadow_blocks, uniq_blork_the_orc
D:7:      uniq_joseph
D:8:      zin_academy, blue_anna_alchemist
D:9:      kennysheep_mini_moat, overflow_temple_1_default,
          gammafunk_temple_overflow_statue, serial_aquarium,
          aquarium_bridge_straight, aquarium_window_1, aquarium_window_2,
          aquarium_view_2d, aquarium_pool_corner
D:10:     hangedman_cross_cluster, orc_0_dummy, enter_bailey_2,
          minmay_hollow_rounded_squares
D:11:     erik_lair_orcish_takeover
D:12:     uniq_nergalle
Temple:   cyrus_circular_temple
Bailey:   bailey_polearm_2, bailey

Skill      XL: |  1  2  3  4  5  6  7  8  9 10 11 |
---------------+----------------------------------+-----
Ice Magic      | 4 5 6 7 8 9 |  9.7
Dodging        | 3 4 5 6 7 8 |  8.8
Spellcasting   | 3 4 5 6 7 8 |  8.7
Summonings     | 2 3 5 |  5.0
Fighting       | 2 4 5 7 |  7.0
Shields        | 4 |  4.0
Evocations     | 3 |  3.3
Conjurations   | 3 |  3.4
Stealth        | |  2.6

Action                   |  1- 3 |  4- 6 |  7- 9 | 10-12 || total
-------------------------+-------+-------+-------+-------++-------
Melee: Unarmed           |    33 |       |       |       ||    33
       Tentacles         |    20 |     7 |    37 |    33 ||    97
       Constrict         |    19 |    13 |    42 |    22 ||    96
       Short sword       |    53 |    53 |     6 |       ||   112
       Dagger            |       |       |    26 |     4 ||    30
       Whip              |       |       |    22 |       ||    22
       Staff             |       |       |   101 |   136 ||   237
Throw: Stone             |       |     1 |       |     5 ||     6
 Cast: Freeze            |    14 |    28 |   123 |   208 ||   373
       Throw Frost       |       |     5 |    56 |     6 ||    67
       Ozocubu's Armour  |       |       |     7 |     5 ||    12
       Summon Ice Beast  |       |       |    63 |   166 ||   229
Evoke: Wand              |       |     8 |    14 |    12 ||    34
  Use: Potion            |       |       |     8 |     3 ||    11
       Scroll            |       |       |     3 |     8 ||    11
 Stab: Sleeping          |     6 |     6 |     3 |     1 ||    16
       Distracted        |       |       |     2 |     2 ||     4
       Paralysed         |       |       |     3 |     4 ||     7
  Eat: Chunk             |     3 |     7 |    29 |    29 ||    68
       Ration            |       |       |     3 |     6 ||     9
Armor: Skin              |     5 |     3 |    30 |     8 ||    46
Dodge: Dodged            |    43 |    54 |   233 |   232 ||   562
Block: Buckler           |       |       |       |   105 ||   105

Table legend:
 A = Spawn XP
 B = Non-spawn XP
 C = Spawn XP percentage of total XP
 D = Spawn monster count
 E = Non-spawn monster count
 F = Spawn count percentage of total count
 G = Total turns spent on level
                    A         B        C        D         E        F      G
               +---------+---------+-------+---------+---------+-------+---------
         Total |       0 |   18111 |   0.0 |       0 |     350 |   0.0 | 24657
               +---------+---------+-------+---------+---------+-------+---------
           D:1 |       0 |      25 |   0.0 |       0 |      14 |   0.0 |  1203
           D:2 |       0 |      74 |   0.0 |       0 |      25 |   0.0 |  1372
           D:3 |       0 |     345 |   0.0 |       0 |      24 |   0.0 |  2088
           D:4 |       0 |     640 |   0.0 |       0 |      18 |   0.0 |  1639
           D:5 |       0 |    1052 |   0.0 |       0 |      30 |   0.0 |  2838
           D:6 |       0 |    1092 |   0.0 |       0 |      35 |   0.0 |  2163
           D:7 |       0 |    1185 |   0.0 |       0 |      30 |   0.0 |  2643
           D:8 |       0 |    1494 |   0.0 |       0 |      25 |   0.0 |  1193
           D:9 |       0 |    2334 |   0.0 |       0 |      44 |   0.0 |  2073
          D:10 |       0 |    6062 |   0.0 |       0 |      44 |   0.0 |  4469
          D:11 |       0 |    2555 |   0.0 |       0 |      41 |   0.0 |  1822
          D:12 |       0 |     498 |   0.0 |       0 |       5 |   0.0 |   515
         Orc:1 |       0 |     679 |   0.0 |       0 |      10 |   0.0 |   291
        Bailey |       0 |      76 |   0.0 |       0 |       5 |   0.0 |   308
               +---------+---------+-------+---------+---------+-------+---------
